AoeStats
← Roidz4

Oasis

508854708Analyzed
2v2 RM · 9d ago on Sep 24, 2026· 50m 2s· 4 players
Game mode
Random Map
Map size
Medium (4 player)
Population
200
Speed
Normal
Resources
Standard
Victory
Conquest
Starting age
Dark Age
Ending age
Imperial Age
RankedLock teamsTeams togetherTeam positionsShared explorationLock speedFull tech treeHidden civsTurbo modeCheats
Victory
Defeat
🇫🇮 Magyars · Finland
1117
+14
🇿🇦 Ethiopians · South Africa
1106
+15
🇪🇪 Mongols · Estonia
1099
-15
🇪🇪 Romans · Estonia
1077
-14
AKI :D
7:41 Loom
10:21 Feudal Age
10:54 Double-Bit Axe
17:15 Scale Barding Armor
19:53 Castle Age
18:40 Fletching
18:47 Horse Collar
19:49 Bloodlines
20:01 Gold Mining
21:16 Husbandry
21:57 Bodkin Arrow
24:34 Padded Archer Armor
28:29 Wheelbarrow
27:40 Town Watch
29:14 Leather Archer Armor
31:38 Bow Saw
31:53 Heavy Plow
32:49 Ballistics
33:59 Thumb Ring
33:42 Light Cavalry
39:00 Imperial Age
36:44 Scale Barding Armor
38:22 Chain Barding Armor
39:41 Heavy Cavalry Archer
40:39 Bracer
41:22 Hussar
44:43 Plate Barding Armor
46:34 Parthian Tactics
46:32 Conscription
Roidz4
7:21 Loom
9:53 Feudal Age
13:14 Double-Bit Axe
17:05 Fletching
22:49 Castle Age
24:16 Forging
24:14 Scale Barding Armor
26:29 Iron Casting
31:22 Chain Barding Armor
31:45 Elite Skirmisher
36:04 Elite Skirmisher
41:01 Imperial Age
39:54 Ballistics
40:53 Bodkin Arrow
41:58 Padded Archer Armor
43:21 Bracer
46:12 Cavalier
50:23 Blast Furnace
Myrakaru
0:27 Loom
10:02 Feudal Age
10:46 Horse Collar
21:54 Castle Age
20:02 Fletching
22:42 Wheelbarrow
22:47 Heavy Plow
22:45 Bodkin Arrow
25:22 Padded Archer Armor
25:56 Ballistics
27:54 Leather Archer Armor
33:21 Imperial Age
31:44 Hand Cart
32:35 Double-Bit Axe
34:17 Bracer
35:27 Chemistry
36:48 Conscription
39:51 Pikeman
40:32 Squires
41:38 Gold Mining
42:58 Bloodlines
42:49 Husbandry
44:07 Light Cavalry
AiluxIII
4:41 Loom
12:26 Feudal Age
12:50 Horse Collar
12:57 Double-Bit Axe
12:44 Man-at-Arms
14:34 Forging
15:19 Scale Mail Armor
17:55 Fletching
19:16 Padded Archer Armor
25:25 Castle Age
25:30 Long Swordsman
26:18 Bodkin Arrow
28:54 Chain Mail Armor
28:40 Pikeman
31:08 Squires
31:46 Iron Casting
43:27 Leather Archer Armor
Connection lost

Rejoining the realm…

Still unreachable

The connection could not be restored.

Session expired

The server has moved on; the page needs a fresh start.